 Dungeon Crawl Stone Soup version 0.31-a0-1206-g41278d8d1d (webtiles) character file.

Game seed: 17270925077112139282

5028 drugrobin the Basher (level 10, -5/74 HPs)
             Began as a Demigod Delver on Dec 14, 2023.
             Killed by divine providence
             ... invoked by a smoke demon
             ... summoned by a kobold demonologist
              (16 damage)
             ... in a bailey.
             The game lasted 00:28:00 (9249 turns).

drugrobin the Basher (Demigod Delver)               Turns: 9249, Time: 00:28:01

Health: -5/74      AC:  8    Str: 25    XL:     10   Next: 9%
Magic:  13/13      EV: 12    Int: 12    God:
Gold:   225        SH:  0    Dex: 15    Spells: 9/9 levels left

rFire   . . .        a - +0 eveningstar (drain)
rCold   . . .        (no shield)
rNeg    . . .        n - +0 plate armour
rPois   .            y - +0 helmet
rElec   .            A - +0 cloak
rCorr   +            (no gloves)
SInv    .            (no boots)
Will    +....        J - amulet of magic regeneration Stlth
                     h - +5 ring of evasion
HPRegen 0.32/turn    F - ring of resist corrosion
MPRegen 0.53/turn

%: no passive effects
@: on fire, corroded, glowing, studying Maces & Flails
A: high MP 1, forlorn, divine attributes
a: no special abilities


You were in a bailey.
You visited 1 branch of the dungeon, and saw 8 of its levels.
You also visited: Bailey.

You collected 526 gold pieces.
You spent 301 gold pieces at shops.

Inventory:

Hand Weapons
 a - a +0 eveningstar of draining (weapon)
 b - a +5 sling of flaming
 k - a +0 mace
 I - a +0 flail
Missiles
 j - a throwing net
 l - 25 poisoned darts
 M - a boomerang (quivered)
 O - 4 javelins
Armour
 n - a +0 plate armour (worn)
 s - a +0 leather armour
 y - a +0 helmet (worn)
 A - a +0 cloak (worn)
 K - a +0 scale mail
 Q - a +2 robe of willpower
Magical Staves
 E - a staff of death
Jewellery
 h - a +5 ring of evasion (left hand)
 o - a ring of poison resistance
 t - a +6 ring of intelligence
 x - a ring of protection from cold
 F - a ring of resist corrosion (right hand)
 J - an amulet of magic regeneration (around neck)
Wands
 g - a wand of digging (3)
 m - a wand of quicksilver (6)
 u - a wand of charming (7)
 H - a wand of iceblast (5)
Scrolls
 c - a scroll of brand weapon
 d - 2 scrolls of revelation
 e - 4 scrolls of enchant armour
 p - a scroll of identify
 v - 2 scrolls of fear
 w - a scroll of butterflies
 B - 2 scrolls of immolation
 C - 3 scrolls of teleportation
Potions
 f - 2 potions of haste
 i - 3 potions of lignification
 q - a potion of resistance {unknown}
 r - 2 potions of heal wounds {unknown}
 z - 2 potions of might
 D - a potion of ambrosia {unknown}
 G - 3 potions of magic {unknown}
 L - a potion of curing
 N - a potion of brilliance {unknown}
 P - 2 potions of berserk rage {unknown}


   Skills:
 + Level 2.7 Fighting
 + Level 14.5 Maces & Flails
 - Level 1.7 Dodging
 - Level 4.5 Stealth
 + Level 0.1 Evocations


You had 9 spell levels left.
You didn't know any spells.
Your spell library contained the following spells:

 Spells                   Type           Power      Damage    Failure   Level
 Necrotise                Necr           0%         1d4       100%        1
 Lesser Beckoning         Tloc           0%         N/A       100%        2
 Call Canine Familiar     Summ           0%         N/A       100%        3
 Sigil of Binding         Hex            0%         N/A       100%        3
 Vampiric Draining        Necr           0%         2d6       100%        3
 Anguish                  Hex/Necr       0%         N/A       100%        4
 Cause Fear               Hex            0%         N/A       100%        4
 Dimensional Bullseye     Hex/Tloc       0%         N/A       100%        4
 Flame Wave               Conj/Fire      0%         2d4       100%        4
 Leda's Liquefaction      Hex/Erth       0%         N/A       100%        4
 Agony                    Necr           0%         N/A       100%        5
 Fireball                 Conj/Fire      0%         3d3       100%        5
 Enfeeble                 Hex            0%         N/A       100%        7


Dungeon Overview and Level Annotations

Branches:
Dungeon (8/15)             Temple (0/1) D:7          Bailey (1/1)
   Lair: D:8-11

Shops:
D:3 *   D:4 (?   D:6 (=!(

Annotations:
D:4 3 runed translucent doors, Dowan; Duvessa; lucidstorm14's ghost, amateur MiBe


Innate Abilities, Weirdness & Mutations

You have an increased reservoir of magic. (+10% MP)
You shall have no god before yourself.
Your divine heritage dramatically boosts your attributes as you level up.


Message History

The iceblast engulfs you!
The iceblast engulfs the kobold demonologist.
The kobold demonologist is severely wounded.
The iceblast engulfs the smoke demon!
The smoke demon is moderately wounded.
The iceblast engulfs the smoke demon!
The smoke demon is heavily wounded.
You are covered in liquid flames!
The kobold demonologist hits you with a +0 war axe.
The smoke demon closely misses you.
The smoke demon hits you but does no damage. x2
The rust devil hits you. The smoke demon hits you. x2
The smoke demon hits you but does no damage.
Unknown command.
Unknown command.
Unknown command.
Unknown command.
Aiming: Iceblast
Press: ? - help, Shift-Dir - straight line, f/p - rust devil
Aim: a rust devil (moderately wounded, summoned)
Okay, then.
Unknown command.
Aiming: Iceblast
Press: ? - help, Shift-Dir - straight line, f - kobold demonologist, p - rust devil
Aim: a kobold demonologist, wielding a +0 war axe and wearing a +0 scale mail (severely wounded, lightly drained)
The mass of ice explodes!
The iceblast engulfs the kobold demonologist.
The kobold demonologist is almost dead.
The iceblast engulfs the smoke demon.
The smoke demon is severely wounded.
The iceblast engulfs the rust devil!
The rust devil partially resists.
The rust devil is heavily wounded.
The iceblast engulfs you!
* * * LOW HITPOINT WARNING * * *
You are covered in liquid flames!
* * * LOW HITPOINT WARNING * * *
The kobold demonologist barely misses you.
The smoke demon gestures at you. Something smites you!
You die...

#≈≈≈≈≈#....#.......#
#≈≈≈≈≈#....#.8.8.8.'
#≈≈≈≈≈######...#####
#≈≈≈≈≈~.#......#....
######.≈≈≈≈~.#.)....#....
#......≈≈≈≈~)#''#####....
###......≈≈≈≈~.#.[)..##....
#.)......K3....'.....##....
#∩))∩....4@....'..⌠..##.._.
#........3.....'.....##....
###......≈≈≈≈~.#..)).##....
#......≈≈≈≈~.#''#####....
######.≈≈≈≈~.#......#....
#≈≈≈≈≈~.#......#....
#≈≈≈≈≈######...#####
#≈≈≈≈≈#....#.8.8.8.)
#≈≈≈≈≈#....#......)#


You could see a rust devil (summoned), a kobold demonologist (drained) and 2
smoke demons.

Vanquished Creatures
  An orc high priest (Bailey)
  A hornet (D:7)
  6 yaks (D:6)
  2 steam dragons
  11 orc warriors
  2 ice beasts
  A black bear (D:7)
  An ogre (D:3)
  2 sky beasts
  A centaur (D:6)
  A phantom (D:4)
  3 bullfrogs
  2 scorpions
  5 electric eels (Bailey)
  A howler monkey (D:4)
  3 jellies
  2 orc priests
  A gnoll bouda (D:7)
  2 hounds (D:5)
  3 sleepcaps
  Jessica (D:3)
  4 iguanas
  3 orc wizards
  Robin (D:3)
  9 adders
  17 gnolls
  2 ufetubi (D:6)
  A worm (D:3)
  2 dart slugs
  24 orcs
  A bat (D:1)
  9 endoplasms
  4 giant cockroaches
  20 goblins
  13 hobgoblins
  6 jackals
  4 quokkas
  7 ball pythons
  6 frilled lizards
  7 kobolds
  5 rats
197 creatures vanquished.

Vanquished Creatures (collateral kills)
  An orc (Bailey)
  A goblin (Bailey)
2 creatures vanquished.

Grand Total: 199 creatures vanquished

Notes
Turn   | Place    | Note
-------+----------+-------------------------------------------
     0 | D:5      | drugrobin the Demigod Delver began the quest for the Orb.
     0 | D:5      | Reached XP level 1. HP: 18/18 MP: 3/3
    67 | D:5      | Noticed a jelly
    93 | D:5      | Reached skill level 2 in Maces & Flails
   171 | D:5      | Reached XP level 2. HP: 21/25 MP: 4/4
   246 | D:5      | HP: 1/25 [orc/+0 flail (7)]
   438 | D:3      | Reached skill level 3 in Maces & Flails
   933 | D:1      | Reached XP level 3. HP: 29/30 MP: 5/5
  2165 | D:2      | Reached skill level 4 in Maces & Flails
  2550 | D:3      | Noticed Robin
  2562 | D:3      | Reached XP level 4. HP: 31/37 MP: 6/6
  2574 | D:3      | Killed Robin
  2712 | D:3      | Noticed Jessica
  2715 | D:3      | Killed Jessica
  2778 | D:3      | Found Ucaod's Assorted Antiques.
  2786 | D:3      | Bought a dented cabochon amulet for 125 gold pieces
  2839 | D:3      | Noticed an ogre
  2861 | D:3      | Killed an ogre
  2862 | D:3      | Reached skill level 5 in Maces & Flails
  2862 | D:3      | Reached XP level 5. HP: 42/42 MP: 7/7
  3317 | D:4      | Found a runed translucent gate.
  3318 | D:4      | Found a runed translucent gate.
  3319 | D:4      | Found a runed translucent gate.
  3319 | D:4      | Identified the +1 ring mail of Sif Muna's Supremacy
                  | {^Contam Dex+2 SInv}
  3320 | D:4      | Noticed lucidstorm14's ghost (amateur MiBe)
  3351 | D:4      | Found Zuegass's Magic Scroll Shop.
  3359 | D:4      | Bought a scroll of identify for 22 gold pieces
  3359 | D:4      | Bought a scroll of teleportation for 33 gold pieces
  3400 | D:4      | Reached skill level 6 in Maces & Flails
  3477 | D:4      | Reached XP level 6. HP: 47/50 MP: 8/8
  3885 | D:4      | Reached skill level 7 in Maces & Flails
  3947 | D:4      | Reached XP level 7. HP: 49/56 MP: 9/9
  4029 | D:4      | Noticed Duvessa
  4031 | D:4      | Noticed Dowan
  4117 | D:4      | Found Ekifan's Weapon Shop.
  4390 | D:4      | Reached skill level 8 in Maces & Flails
  5168 | D:6      | Found Lypsuluf's Antique Weapon Shoppe.
  5171 | D:6      | Found Tomosini's Distillery.
  5172 | D:6      | Found Ceklitan's Jewellery Shoppe.
  5178 | D:6      | Found Geddox Iffaa's Antique Weapon Shoppe.
  5203 | D:6      | Bought a potion of curing for 33 gold pieces
  5203 | D:6      | Bought a potion of degeneration for 11 gold pieces
  5203 | D:6      | Bought a potion of might for 44 gold pieces
  5203 | D:6      | Bought a potion of lignification for 33 gold pieces
  5446 | D:6      | Reached skill level 9 in Maces & Flails
  5607 | D:6      | Reached XP level 8. HP: 62/62 MP: 10/10
  5747 | D:6      | Reached skill level 10 in Maces & Flails
  6011 | D:6      | Reached skill level 11 in Maces & Flails
  6451 | D:7      | Reached XP level 9. HP: 31/68 MP: 11/11
  6792 | D:7      | Reached skill level 12 in Maces & Flails
  7146 | D:7      | Found a staircase to the Ecumenical Temple.
  7470 | D:8      | Found a flagged portal.
  7490 | Bailey   | Entered a bailey
  7887 | Bailey   | Reached skill level 13 in Maces & Flails
  8507 | Bailey   | Acquired a manual of Maces & Flails
  8755 | Bailey   | Noticed an orc high priest
  8787 | Bailey   | Killed an orc high priest
  8788 | Bailey   | Reached skill level 14 in Maces & Flails
  8788 | Bailey   | Reached XP level 10. HP: 48/74 MP: 13/13
  8999 | Bailey   | Got the Monograph on Dynamic Geometry
  9238 | Bailey   | Noticed a rust devil
  9242 | Bailey   | Noticed a smoke demon
  9245 | Bailey   | Noticed a smoke demon
  9249 | Bailey   | Killed from afar by a smoke demon

Illustrated notes

Levels and vault maps discovered:
D:1:      minmay_arrival_cross, layout_basic,
          hellmonk_ecumenical_altar_crossroads
D:2:      layout_loops_ring, dk_vineyard_1
D:3:      layout_loops_ring, mainiacjoe_overflow_tiny_flanked,
          gammafunk_temple_overflow_pools, serial_shops,
          nicolae_shop_waterfront, uniq_jessica, uniq_robin
D:4:      minmay_octagon_keep, layout_cave_pools, biasface_ghost_orc_armoury,
          serial_shops, nicolae_shop_gibbet_a_chance, nicolae_shop_stone,
          hangedman_decor_slide_cut, uniq_duvessa
D:5:      layout_basic
D:6:      layout_cave_pods, mainiacjoe_overflow_24_doors, elyvilon_altar_5,
          grunt_gozag_breadcrumbs, nicolae_qazlal_general_emergency,
          tso_metal_star, serial_column_ruins, column_ruins_hut,
          column_ruins_open_tiny, column_ruins_grid_4,
          column_ruins_corridor_straight, column_ruins_grid_4,
          column_ruins_grid_2, minmay_shop_grid_forest
D:7:      layout_gridville, minmay_temple_entry_glassed_door
D:8:      layout_gridville, enter_bailey_2, nicolae_have_a_lightning_rod,
          uniq_prince_ribbit1, uniq_maurice
Bailey:   bailey_axe_of_yendor_kennysheep, bailey

Skill      XL: |  1  2  3  4  5  6  7  8  9 |
---------------+----------------------------+-----
Maces & Flails | 2 3 4 5 6 7 9 11 14 | 14.5
Fighting       | |  2.7
Dodging        | |  1.7
Stealth        | |  4.5
Evocations     | |  0.1

Action                     |  1- 3 |  4- 6 |  7- 9 | 10-12 || total
---------------------------+-------+-------+-------+-------++-------
  Melee: Mace              |    81 |       |       |       ||    81
         Punch             |     3 |       |     6 |       ||     9
         Flail             |    94 |   171 |    61 |       ||   326
         Eveningstar       |       |       |   305 |    12 ||   317
   Fire: Sling             |    12 |     9 |    24 |     5 ||    50
  Throw: Dart              |       |     9 |     5 |       ||    14
         Boomerang         |       |       |    17 |       ||    17
  Evoke: Wand              |       |       |     5 |     3 ||     8
    Use: Scroll            |     1 |       |     8 |       ||     9
         Potion            |       |       |     1 |       ||     1
   Stab: Sleeping          |     5 |     5 |     3 |       ||    13
 Armour: Leather armour    |    76 |    13 |       |       ||    89
         Ring mail         |       |    56 |    34 |       ||    90
         Scale mail        |       |       |   108 |       ||   108
         Plate armour      |       |       |   124 |    27 ||   151
  Dodge: Dodged            |   185 |   147 |   278 |     9 ||   619

Table legend: (Time is in decaauts)
 A = Elapsed time spent in this place.
 B = Non-inter-level travel time spent in this place.
 C = Inter-level travel time spent in this place.
 D = Time resting spent in this place.
 E = Time spent auto-exploring this place.
 F = Levels seen in this place.
 G = Mean time per level.
                   A        B        C        D        E       F      G
               +--------+--------+--------+--------+--------+-----+--------+
         Total |   9315 |   9006 |    309 |   1471 |   4790 |   9 | 1035.0 |
       Dungeon |   7548 |   7239 |    309 |    794 |   4286 |   8 |  943.5 |
        Bailey |   1767 |   1767 |      0 |    677 |    504 |   1 | 1767.0 |
               +--------+--------+--------+--------+--------+-----+--------+

Top non-repeatable levels by time:
  Bailey: 1767 daAuts
     D:6: 1271 daAuts
     D:1: 1247 daAuts
     D:5: 1079 daAuts
     D:3: 1063 daAuts
     D:4: 1060 daAuts
     D:7: 897 daAuts
     D:2: 751 daAuts
     D:8: 177 daAuts
